[Event "World Junior U20 Girls 2018"]
[Site "Gebze"]
[Date "2018.09.05"]
[Round "1"]
[White "Nomin-Erdene, Davaademberel"]
[Black "Gomez Barrera, Javiera Belen"]
[Result "0-1"]
[ECO "C93"]
[WhiteElo "2377"]
[BlackElo "2035"]
[Annotator "NA"]
[PlyCount "66"]
[EventDate "2018.09.05"]
[EventType "swiss"]
[EventCountry "TUR"]
[SourceTitle "playchess.com"]
[Source "ChessBase"]
[SourceQuality "1"]
[TimeControl "40/5400+30:1800+30"]

1. e4 e5 2. Nf3 Nc6 3. Bb5 a6 4. Ba4 Nf6 5. O-O Be7 6. Re1 b5 7. Bb3 d6 8. c3 O-O 9. h3 Bb7 10. d4 Re8 11. Nbd2 h6 12. a3 Bf8 13. Bc2 d5 14. exd5 Qxd5 15. Ne4 exd4 16. Nxf6+ gxf6 17. Rxe8 Rxe8 18. Qd3 f5 19. Bf4 Ne5 20. Bxe5 Rxe5 21. cxd4 Re6 22. Nh4 Bg7 23. Qg3 f4 24. Qxf4 Qxd4 25. Qxc7 Qxh4 26. Qxb7 Bxb2 27. Rf1 Bd4 28. Kh1 Rf6 29. Qc8+ Kg7 30. g3 Qg5 31. Qb7 Rxf2 32. Rxf2 Bxf2 33. Bb3 Qc1+ 0-1

[Event "World Junior U20 Girls 2018"]
[Site "Gebze"]
[Date "2018.09.05"]
[Round "1"]
[White "Tokhirjonova, Gulrukhbegim"]
[Black "Yang, Yijing"]
[Result "1-0"]
[ECO "B02"]
[WhiteElo "2369"]
[BlackElo "2018"]
[Annotator "NA"]
[PlyCount "93"]
[EventDate "2018.09.05"]
[EventType "swiss"]
[EventCountry "TUR"]
[SourceTitle "playchess.com"]
[Source "ChessBase"]
[SourceQuality "1"]
[TimeControl "40/5400+30:1800+30"]

1. e4 d5 2. exd5 Nf6 3. Nc3 Nxd5 4. d4 Nxc3 5. bxc3 c5 6. Bd3 Nc6 7. Ne2 e5 8. O-O Be7 9. Be3 Be6 10. Rb1 Qc7 11. dxe5 Rd8 12. Nf4 Qxe5 13. Qf3 Na5 14. Nxe6 Qxe6 15. Bxc5 Qd5 16. Qxd5 Rxd5 17. Bxa7 O-O 18. Rfd1 g6 19. c4 Rd7 20. Be2 Rxd1+ 21. Rxd1 Rd8 22. Rxd8+ Bxd8 23. f4 Kf8 24. Bc5+ Ke8 25. Kf2 Kd7 26. Ke3 Ke6 27. Bg4+ f5 28. Be2 g5 29. fxg5 Bxg5+ 30. Kd3 Nc6 31. a4 Bf6 32. c3 Ne5+ 33. Kc2 Bd8 34. Kb3 Ba5 35. Bd4 Nc6 36. Bf3 Nxd4+ 37. cxd4 b6 38. c5 Kd7 39. Kc4 bxc5 40. dxc5 Kc7 41. Kb5 Bd2 42. a5 Bf4 43. h3 Bg3 44. a6 Kb8 45. Kb6 Bc7+ 46. Kc6 Bg3 47. Kd7 1-0

[Event "World Junior U20 Girls 2018"]
[Site "Gebze"]
[Date "2018.09.05"]
[Round "1"]
[White "Hojjatova, Aydan"]
[Black "Isha Sharma"]
[Result "0-1"]
[ECO "C07"]
[WhiteElo "2356"]
[BlackElo "2012"]
[Annotator "NA"]
[PlyCount "114"]
[EventDate "2018.09.05"]
[EventType "swiss"]
[EventCountry "TUR"]
[SourceTitle "playchess.com"]
[Source "ChessBase"]
[SourceQuality "1"]
[TimeControl "40/5400+30:1800+30"]

1. e4 e6 2. d4 d5 3. Nd2 c5 4. exd5 Qxd5 5. Ngf3 cxd4 6. Bc4 Qd8 7. O-O Nc6 8. Nb3 Nf6 9. Nbxd4 Nxd4 10. Nxd4 a6 11. Re1 Bc5 12. c3 O-O 13. Bg5 Bd7 14. Nf3 Bc6 15. Qe2 Be7 16. Rad1 Qc7 17. Ne5 Bd5 18. Bd3 Bxa2 19. Bxf6 Bxf6 20. Nd7 Rfd8 21. Nxf6+ gxf6 22. Qh5 Kf8 23. Qxh7 Bb3 24. Rd2 Ke7 25. Qe4 a5 26. Ree2 Bd5 27. Qa4 Bc6 28. Qc4 Qd6 29. Qb3 a4 30. Qd1 Rh8 31. h3 Qf4 32. f3 Rag8 33. Be4 Rxh3 34. Bxc6 Qh2+ 35. Kf1 Qh1+ 36. Kf2 Qxg2+ 37. Ke3 Qg5+ 38. Kd3 bxc6 39. Kc2 Qf5+ 40. Kc1 e5 41. Qxa4 Rh1+ 42. Rd1 Rxd1+ 43. Qxd1 Ra8 44. Qb3 Ra1+ 45. Kd2 Qxf3 46. Qb4+ Ke6 47. Qf8 Qd5+ 48. Ke3 Qd7 49. Kf2 Rd1 50. Qb8 Kf5 51. Qb6 Kg6 52. Kg3 Qd3+ 53. Re3 Qf5 54. Rf3 Qg5+ 55. Kh2 Rd2+ 56. Rf2 Qh4+ 57. Kg2 Rxf2+ 0-1

[Event "World Junior U20 Girls 2018"]
[Site "Gebze"]
[Date "2018.09.05"]
[Round "1"]
[White "Unuk, Laura"]
[Black "Stanciu, Ioana-Georgiana"]
[Result "1-0"]
[ECO "D31"]
[WhiteElo "2299"]
[BlackElo "2000"]
[Annotator "NA"]
[PlyCount "95"]
[EventDate "2018.09.05"]
[EventType "swiss"]
[EventCountry "TUR"]
[SourceTitle "playchess.com"]
[Source "ChessBase"]
[SourceQuality "1"]
[TimeControl "40/5400+30:1800+30"]

1. d4 d5 2. c4 e6 3. Nc3 c6 4. e4 dxe4 5. Nxe4 Bb4+ 6. Bd2 Bxd2+ 7. Qxd2 Nf6 8. Nxf6+ Qxf6 9. Nf3 Na6 10. Rd1 O-O 11. b4 Rd8 12. Bd3 Qe7 13. a3 e5 14. dxe5 Bg4 15. Qe3 Re8 16. O-O Bxf3 17. Qxf3 Qxe5 18. h4 Rad8 19. g3 Nc7 20. Kg2 Rd6 21. Bb1 Rxd1 22. Rxd1 Qe7 23. Rd3 Ne6 24. Re3 g6 25. h5 Qg5 26. hxg6 hxg6 27. c5 Rd8 28. Ba2 Re8 29. Re4 Kg7 30. Rh4 Qe5 31. Re4 Qf6 32. Qe3 Re7 33. Bxe6 Rxe6 34. Rxe6 fxe6 35. Qd3 Qf7 36. Qd4+ Kh7 37. g4 g5 38. Qe5 Kg6 39. Kg3 Qd7 40. Qd6 Qf7 41. f4 gxf4+ 42. Qxf4 Qd7 43. Qd6 Qf7 44. Qd8 Kg7 45. Qg5+ Kf8 46. Qf4 e5 47. Kf3 b6 48. Ke4 1-0

[Event "World Junior U20 Girls 2018"]
[Site "Gebze"]
[Date "2018.09.05"]
[Round "1"]
[White "Chitlange Sakshi"]
[Black "Nastase, Andreea-Cristina"]
[Result "1-0"]
[ECO "D11"]
[WhiteElo "2279"]
[BlackElo "1983"]
[Annotator "NA"]
[PlyCount "79"]
[EventDate "2018.09.05"]
[EventType "swiss"]
[EventCountry "TUR"]
[SourceTitle "playchess.com"]
[Source "ChessBase"]
[SourceQuality "1"]
[TimeControl "40/5400+30:1800+30"]

1. d4 d5 2. c4 dxc4 3. Nf3 b5 4. a4 c6 5. e3 e6 6. axb5 cxb5 7. b3 Bb4+ 8. Bd2 Bxd2+ 9. Nbxd2 Nf6 10. bxc4 bxc4 11. Bxc4 O-O 12. O-O Bb7 13. Qe2 Nbd7 14. Ra3 Nb6 15. Bd3 Qe7 16. Rfa1 Nc8 17. e4 h6 18. Ra5 Rd8 19. Nb3 Rb8 20. Nc5 Ba8 21. h3 Nd7 22. Rc1 Nxc5 23. Raxc5 Nb6 24. Ba6 Bb7 25. Ne5 Qd6 26. Bxb7 Rxb7 27. Qa6 Rbd7 28. Nxd7 Rxd7 29. d5 exd5 30. exd5 Qe5 31. Qd3 g6 32. Qd2 Kg7 33. Re1 Rxd5 34. Rxd5 Qxd5 35. Qc3+ Kh7 36. Re8 Qd1+ 37. Kh2 Qd6+ 38. g3 g5 39. Rh8+ Kg6 40. Rg8+ 1-0

[Event "World Junior U20 Girls 2018"]
[Site "Gebze"]
[Date "2018.09.05"]
[Round "1"]
[White "Haussernot, Cecile"]
[Black "Heydarova, Aytaj"]
[Result "1-0"]
[ECO "B77"]
[WhiteElo "2237"]
[BlackElo "1948"]
[Annotator "NA"]
[PlyCount "93"]
[EventDate "2018.09.05"]
[EventType "swiss"]
[EventCountry "TUR"]
[SourceTitle "playchess.com"]
[Source "ChessBase"]
[SourceQuality "1"]
[TimeControl "40/5400+30:1800+30"]

1. e4 c5 2. Nf3 d6 3. d4 cxd4 4. Nxd4 Nf6 5. Nc3 g6 6. Be3 Bg7 7. f3 Nc6 8. Qd2 O-O 9. Bc4 Nxd4 10. Bxd4 Be6 11. Bxe6 fxe6 12. O-O-O Qa5 13. Kb1 Rac8 14. Qe1 Nd7 15. Bxg7 Kxg7 16. Rd4 b5 17. Qe3 b4 18. Ne2 e5 19. Rd5 Qc7 20. Rc1 Nb6 21. Rd3 Nc4 22. Qf2 a5 23. f4 Qb7 24. Qh4 Qxe4 25. Re1 Qb7 26. Rh3 h5 27. Rg3 Nd2+ 28. Ka1 Ne4 29. Re3 Rc5 30. Nd4 exd4 31. Rxe4 e5 32. fxe5 dxe5 33. g4 hxg4 34. Rxg4 Rf6 35. Qg5 Qc6 36. Rh4 Rxc2 37. Qh6+ Kf7 38. Rxd4 Qc8 39. Rd5 Rf5 40. Rxa5 Rc7 41. Rg1 Qg8 42. Qd2 Qf8 43. Ra6 g5 44. Qd3 Kg7 45. Qh3 Kg8 46. Rg6+ Rg7 47. Rh6 1-0

[Event "World Junior U20 Girls 2018"]
[Site "Gebze"]
[Date "2018.09.05"]
[Round "1"]
[White "Paramzina, Anastasya"]
[Black "Kocyigit, Buse Naz"]
[Result "1-0"]
[ECO "C12"]
[WhiteElo "2222"]
[BlackElo "1944"]
[Annotator "NA"]
[PlyCount "71"]
[EventDate "2018.09.05"]
[EventType "swiss"]
[EventCountry "TUR"]
[SourceTitle "playchess.com"]
[Source "ChessBase"]
[SourceQuality "1"]
[TimeControl "40/5400+30:1800+30"]

1. e4 e6 2. d4 d5 3. Nc3 Nf6 4. Bg5 Bb4 5. e5 h6 6. Be3 Ne4 7. Qg4 Kf8 8. a3 f5 9. exf6 Nxf6 10. Qf3 Be7 11. Nge2 Nc6 12. Nf4 Kf7 13. Bd3 e5 14. Bg6+ Kg8 15. Nfe2 Be6 16. O-O Bd6 17. Bf5 Bf7 18. Qh3 exd4 19. Bxd4 Nxd4 20. Nxd4 g6 21. Be6 Bxe6 22. Qxe6+ Kg7 23. Qh3 Kh7 24. Rad1 c6 25. f4 Bc5 26. f5 g5 27. Nce2 Re8 28. Kh1 Ne4 29. f6 Re5 30. Nf3 Qxf6 31. Nxe5 Qxe5 32. Rf7+ Kg6 33. Rdf1 h5 34. Ng3 Nxg3+ 35. Qxg3 Qxg3 36. R1f6# 1-0

[Event "World Junior U20 Girls 2018"]
[Site "Gebze"]
[Date "2018.09.05"]
[Round "1"]
[White "Altantuya, Boldbaatar"]
[Black "Hereklioglu, Sude"]
[Result "0-1"]
[ECO "E90"]
[WhiteElo "2210"]
[BlackElo "1930"]
[Annotator "NA"]
[PlyCount "76"]
[EventDate "2018.09.05"]
[EventType "swiss"]
[EventCountry "TUR"]
[SourceTitle "playchess.com"]
[Source "ChessBase"]
[SourceQuality "1"]
[TimeControl "40/5400+30:1800+30"]

1. d4 g6 2. c4 Bg7 3. Nc3 c5 4. d5 d6 5. e4 Na6 6. Bd3 Nf6 7. h3 O-O 8. Nf3 e5 9. Be3 Nc7 10. Qd2 b6 11. Bh6 Rb8 12. g4 a6 13. a4 Bd7 14. Bxg7 Kxg7 15. Qe2 Qe8 16. b3 b5 17. axb5 axb5 18. O-O Qc8 19. Nd2 b4 20. Na4 h5 21. f3 Nce8 22. Qg2 Kh8 23. Qg3 g5 24. h4 Rg8 25. Kf2 hxg4 26. Rh1 Nh7 27. hxg5 Rg7 28. Rh6 Qd8 29. Rh5 Rxg5 30. Rh6 Rg6 31. Rah1 Rxh6 32. Rxh6 Qg5 33. Qh4 Qxd2+ 34. Kg1 Qe3+ 35. Kh2 Qf4+ 36. Kg1 Nef6 37. fxg4 Qxg4+ 38. Qxg4 Bxg4 0-1

[Event "World Junior U20 Girls 2018"]
[Site "Gebze"]
[Date "2018.09.05"]
[Round "1"]
[White "Ghukasyan, Siranush"]
[Black "Koo, Wei Xin Rosamund"]
[Result "1-0"]
[ECO "B34"]
[WhiteElo "2205"]
[BlackElo "1918"]
[Annotator "NA"]
[PlyCount "65"]
[EventDate "2018.09.05"]
[EventType "swiss"]
[EventCountry "TUR"]
[SourceTitle "playchess.com"]
[Source "ChessBase"]
[SourceQuality "1"]
[TimeControl "40/5400+30:1800+30"]

1. e4 c5 2. Nf3 g6 3. d4 cxd4 4. Nxd4 Nf6 5. Nc3 Nc6 6. Be3 Bg7 7. Nxc6 bxc6 8. e5 Ng8 9. Bd4 f6 10. exf6 Nxf6 11. Bc4 e6 12. Bc5 d5 13. Be2 Qa5 14. Qd4 Kf7 15. Qb4 Qxb4 16. Bxb4 e5 17. Na4 Bf5 18. Bd3 a5 19. Ba3 Nd7 20. O-O-O Rhd8 21. Rhe1 Bxd3 22. cxd3 Rac8 23. Kb1 c5 24. Rc1 Bf8 25. Nc3 Ke6 26. f4 Bd6 27. Na4 c4 28. Bxd6 Kxd6 29. dxc4 exf4 30. Red1 Nf6 31. Nb6 Rc5 32. cxd5 Nxd5 33. Nxd5 1-0

[Event "World Junior U20 Girls 2018"]
[Site "Gebze"]
[Date "2018.09.05"]
[Round "1"]
[White "Hilario, Aleyla"]
[Black "Doroy Allaney Jia G"]
[Result "1-0"]
[ECO "E65"]
[WhiteElo "2203"]
[BlackElo "1914"]
[Annotator "NA"]
[PlyCount "68"]
[EventDate "2018.09.05"]
[EventType "swiss"]
[EventCountry "TUR"]
[SourceTitle "playchess.com"]
[Source "ChessBase"]
[SourceQuality "1"]
[TimeControl "40/5400+30:1800+30"]

1. d4 Nf6 2. Nf3 g6 3. c4 Bg7 4. g3 O-O 5. Bg2 d6 6. O-O c5 7. Nc3 Nc6 8. h3 Bd7 9. Be3 cxd4 10. Nxd4 Rc8 11. b3 a6 12. Rc1 Nxd4 13. Bxd4 Bc6 14. e4 Bh6 15. Rc2 Nh5 16. Nd5 b5 17. c5 Bxd5 18. exd5 dxc5 19. Bxc5 Qd7 20. b4 Rfd8 21. Qe2 Nf6 22. Qxe7 Qf5 23. Bd4 Ne8 24. Rxc8 Qxc8 25. Bc5 Rd7 26. Qh4 Bg7 27. Re1 h5 28. Qf4 Qd8 29. d6 Nxd6 30. Bc6 g5 31. Qd2 Rc7 32. Re8+ Qxe8 33. Bxe8 Nxe8 34. Qd8 Bf8 1-0

[Event "World Junior U20 Girls 2018"]
[Site "Gebze"]
[Date "2018.09.05"]
[Round "1"]
[White "Kanakova, Natalie"]
[Black "Aksoy, Ayca"]
[Result "1-0"]
[ECO "A25"]
[WhiteElo "2201"]
[BlackElo "1898"]
[Annotator "NA"]
[PlyCount "57"]
[EventDate "2018.09.05"]
[EventType "swiss"]
[EventCountry "TUR"]
[SourceTitle "playchess.com"]
[Source "ChessBase"]
[SourceQuality "1"]
[TimeControl "40/5400+30:1800+30"]

1. c4 e5 2. Nc3 Nc6 3. g3 d6 4. Bg2 Be6 5. d3 Qd7 6. Rb1 g6 7. b4 Bg7 8. b5 Nd8 9. e3 Ne7 10. Nd5 O-O 11. a4 c6 12. Nxe7+ Qxe7 13. Ba3 Qd7 14. a5 f5 15. Qd2 Rc8 16. bxc6 bxc6 17. Ne2 g5 18. f4 gxf4 19. exf4 Nf7 20. O-O Rfd8 21. a6 Rb8 22. Qa5 e4 23. Qd2 d5 24. dxe4 fxe4 25. cxd5 cxd5 26. Nd4 Nd6 27. Rxb8 Rxb8 28. f5 Nxf5 29. Qf4 1-0

[Event "World Junior U20 Girls 2018"]
[Site "Gebze"]
[Date "2018.09.05"]
[Round "1"]
[White "Georgescu, Lena"]
[Black "Nass, Sara"]
[Result "1/2-1/2"]
[ECO "B15"]
[WhiteElo "2195"]
[BlackElo "1888"]
[Annotator "NA"]
[PlyCount "73"]
[EventDate "2018.09.05"]
[EventType "swiss"]
[EventCountry "TUR"]
[SourceTitle "playchess.com"]
[Source "ChessBase"]
[SourceQuality "1"]
[TimeControl "40/5400+30:1800+30"]

1. e4 c6 2. Nc3 d5 3. Nf3 dxe4 4. Nxe4 Nf6 5. Nxf6+ exf6 6. d4 Bd6 7. Be2 O-O 8. O-O Re8 9. c4 Nd7 10. Be3 f5 11. d5 cxd5 12. Qxd5 Nf6 13. Qd1 Qc7 14. Bd4 Rd8 15. h3 Bc5 16. Be5 Qb6 17. Qb3 Qxb3 18. axb3 Ne4 19. Bc3 Be6 20. b4 Ng3 21. Rfe1 Nxe2+ 22. Rxe2 Bxc4 23. Re5 Bd6 24. Rxf5 g6 25. Rfa5 a6 26. Nd2 Bb5 27. Ne4 Be7 28. Nf6+ Bxf6 29. Bxf6 Re8 30. R5a3 Re4 31. Bc3 Rd8 32. Rc1 Bc6 33. Raa1 Kf8 34. Rd1 Rxd1+ 35. Rxd1 Ke7 36. Re1 Rxe1+ 37. Bxe1 1/2-1/2

[Event "World Junior U20 Girls 2018"]
[Site "Gebze"]
[Date "2018.09.05"]
[Round "1"]
[White "Varshini, V."]
[Black "Nassr, Lina"]
[Result "1-0"]
[ECO "B85"]
[WhiteElo "2173"]
[BlackElo "1854"]
[Annotator "NA"]
[PlyCount "81"]
[EventDate "2018.09.05"]
[EventType "swiss"]
[EventCountry "TUR"]
[SourceTitle "playchess.com"]
[Source "ChessBase"]
[SourceQuality "1"]
[TimeControl "40/5400+30:1800+30"]

1. e4 c5 2. Nc3 e6 3. Nge2 Nc6 4. d4 cxd4 5. Nxd4 Nf6 6. a3 Be7 7. Be2 a6 8. O-O O-O 9. Be3 Qc7 10. Nb3 b5 11. f4 d6 12. Bf3 Bb7 13. g4 Nd7 14. Bg2 Nb6 15. g5 Nc4 16. Bc1 Qb6+ 17. Kh1 b4 18. axb4 Nxb4 19. Nd4 Nc6 20. Nxc6 Bxc6 21. Qe2 Na5 22. b3 Nb7 23. Na4 Qc7 24. Bb2 f6 25. Qc4 Nd8 26. f5 Qb7 27. Nc3 Kh8 28. fxe6 f5 29. Rae1 Bxg5 30. Re2 Rc8 31. Qd3 Nxe6 32. Qxd6 Qd7 33. Qxd7 Bxd7 34. exf5 Nf4 35. Rd2 Bxf5 36. Rdf2 Nxg2 37. Rxf5 Rxf5 38. Rxf5 Bf6 39. Kxg2 h6 40. Rf3 Rc5 41. Kf1 1-0

[Event "World Junior U20 Girls 2018"]
[Site "Gebze"]
[Date "2018.09.05"]
[Round "1"]
[White "Song, Yuxin"]
[Black "Sade, Defne"]
[Result "1-0"]
[ECO "D79"]
[WhiteElo "2156"]
[BlackElo "1826"]
[Annotator "NA"]
[PlyCount "77"]
[EventDate "2018.09.05"]
[EventType "swiss"]
[EventCountry "TUR"]
[SourceTitle "playchess.com"]
[Source "ChessBase"]
[SourceQuality "1"]
[TimeControl "40/5400+30:1800+30"]

1. d4 d5 2. c4 c6 3. Nf3 Nf6 4. g3 g6 5. Bg2 Bg7 6. O-O O-O 7. cxd5 cxd5 8. Nc3 Nc6 9. Ne5 Bf5 10. Nxc6 bxc6 11. Na4 Ne4 12. Be3 Re8 13. Rc1 Rc8 14. b3 Qa5 15. f3 Nd6 16. Nc5 e5 17. Bd2 Qb6 18. e4 Be6 19. dxe5 Bxe5 20. Be3 Nb5 21. Qd2 d4 22. Bf2 Rcd8 23. Qe2 Qb8 24. f4 Bg7 25. Na4 Rc8 26. Qd3 Red8 27. Be1 Bf8 28. Ba5 Rd7 29. Nc5 Bxc5 30. Rxc5 Nd6 31. Bd2 Nb7 32. Rc2 c5 33. f5 gxf5 34. exf5 Bd5 35. f6 Qe5 36. Rf5 Qe6 37. Bh3 Kf8 38. Bh6+ Ke8 39. Re2 1-0

[Event "World Junior U20 Girls 2018"]
[Site "Gebze"]
[Date "2018.09.05"]
[Round "1"]
[White "Ivana Maria, Furtado"]
[Black "Catal, Uktenur"]
[Result "1-0"]
[ECO "D32"]
[WhiteElo "2144"]
[BlackElo "1809"]
[Annotator "NA"]
[PlyCount "49"]
[EventDate "2018.09.05"]
[EventType "swiss"]
[EventCountry "TUR"]
[SourceTitle "playchess.com"]
[Source "ChessBase"]
[SourceQuality "1"]
[TimeControl "40/5400+30:1800+30"]

1. Nf3 Nf6 2. c4 e6 3. Nc3 d5 4. d4 c5 5. e3 Nc6 6. cxd5 exd5 7. Be2 Bd6 8. O-O O-O 9. Nb5 Be7 10. dxc5 Bxc5 11. b3 a6 12. Nbd4 Ne4 13. Bb2 Re8 14. Rc1 Qd6 15. Nxc6 bxc6 16. Qc2 Bb7 17. Nd4 Bxd4 18. Bxd4 Qe6 19. Bd3 g6 20. Bb2 Rf8 21. f3 Nd6 22. Rce1 f6 23. e4 Qf7 24. Qc5 Nb5 25. exd5 1-0

[Event "World Junior U20 Girls 2018"]
[Site "Gebze"]
[Date "2018.09.05"]
[Round "1"]
[White "Urh, Zala"]
[Black "Can, Isil"]
[Result "1/2-1/2"]
[ECO "D46"]
[WhiteElo "2128"]
[BlackElo "1798"]
[Annotator "NA"]
[PlyCount "117"]
[EventDate "2018.09.05"]
[EventType "swiss"]
[EventCountry "TUR"]
[SourceTitle "playchess.com"]
[Source "ChessBase"]
[SourceQuality "1"]
[TimeControl "40/5400+30:1800+30"]

1. d4 d5 2. c4 c6 3. Nf3 Nf6 4. e3 e6 5. Nbd2 Nbd7 6. Bd3 Bd6 7. O-O O-O 8. e4 dxe4 9. Nxe4 Nxe4 10. Bxe4 Nf6 11. Bc2 c5 12. Qd3 {D46: Semi-Slav: 5 e3 Nbd7 6 Bd3, Black avoids the Meran} h6 13. Rd1 Qc7 14. dxc5 Bxc5 15. b4 Be7 (15... Bxb4 16. Bb2 Qd7 17. Qb3 Qe7 18. Qd3 Qd7 19. Qb3 Qe7 20. Ne5 a5 21. Qd3 Re8 22. Ba4 Rf8 23. Bc2 Re8 24. Ba4 Rf8 25. Bc2 {½-½ (25) Peralta,F (2560)-Obregon,C (2537) Buenos Aires 2015}) 16. Bb2 Rd8 17. Qb3 b6 18. Be5 Qc6 $146 ({Predecessor:} 18... Bd6 19. Qd3 Bb7 20. Bxd6 {1-0 (20) Tolstikh,N (2420)-Plsek,M (2045) Zlin 1996}) 19. Nd4 Qe8 20. a4 Bb7 21. a5 bxa5 22. Rxa5 a6 23. Qb2 Bd6 24. Bxd6 Rxd6 25. Ba4 Bc6 26. Nxc6 Qxc6 27. Rxd6 Qxd6 28. c5 Qc7 29. h3 Nd5 30. Qd2 Rb8 31. Rxa6 Nxb4 32. Rd6 Qxc5 33. Rd8+ Rxd8 34. Qxd8+ Kh7 35. Qd7 Qc1+ 36. Qd1 Qxd1+ 37. Bxd1 g5 38. Kf1 Kg6 39. Ke2 Kf5 40. Kf3 h5 41. Ba4 h4 42. Bb3 f6 43. Ba4 Nd5 44. g3 hxg3 45. fxg3 Kg6 46. Bc2+ f5 47. g4 Kf6 48. gxf5 exf5 49. Kg3 Ne3 50. Bd3 Ke5 51. Kf3 Nd5 52. Be2 Nf4 53. Bf1 Ng6 54. Bd3 Kf6 55. Be2 Nf4 56. Bf1 Ke5 57. Ke3 Ng6 58. Kf2 f4 59. Kf3 $11 1/2-1/2

[Event "World Junior U20 Girls 2018"]
[Site "Gebze"]
[Date "2018.09.05"]
[Round "1"]
[White "Santeramo, Alessia"]
[Black "Zairbek kyzy, Begimay"]
[Result "1-0"]
[ECO "B16"]
[WhiteElo "2124"]
[BlackElo "1770"]
[Annotator "NA"]
[PlyCount "52"]
[EventDate "2018.09.05"]
[EventType "swiss"]
[EventCountry "TUR"]
[SourceTitle "playchess.com"]
[Source "ChessBase"]
[SourceQuality "1"]
[TimeControl "40/5400+30:1800+30"]

1. e4 c6 2. d4 d5 3. Nc3 dxe4 4. Nxe4 Nf6 5. Nxf6+ gxf6 6. Nf3 Bg4 7. Be3 e6 8. g3 Nd7 9. Bg2 Bd6 10. O-O Nb6 11. b3 Nd5 12. Bd2 f5 13. Qe1 Qe7 14. c4 Nf6 15. Ne5 Nd7 16. Nxd7 Qxd7 17. Bc3 Rg8 18. d5 f4 19. dxc6 bxc6 20. Qe4 f5 21. Qxc6 Rc8 22. Qxd7+ Kxd7 23. f3 fxg3 24. fxg4 gxh2+ 25. Kh1 Rxg4 26. Rad1 Ke7 1-0

[Event "World Junior U20 Girls 2018"]
[Site "Gebze"]
[Date "2018.09.05"]
[Round "1"]
[White "Li, Xinyu"]
[Black "Yorgun, Yaren Naz"]
[Result "1/2-1/2"]
[ECO "D36"]
[WhiteElo "2086"]
[BlackElo "1751"]
[Annotator "NA"]
[PlyCount "148"]
[EventDate "2018.09.05"]
[EventType "swiss"]
[EventCountry "TUR"]
[SourceTitle "playchess.com"]
[Source "ChessBase"]
[SourceQuality "1"]
[TimeControl "40/5400+30:1800+30"]

1. d4 d5 2. c4 e6 3. Nc3 Nf6 4. cxd5 exd5 5. Bg5 Nbd7 6. e3 c6 7. Bd3 Be7 8. Nf3 O-O 9. O-O Re8 10. Qc2 Nf8 11. Rab1 Ng6 12. b4 Ne4 13. Bxe7 Qxe7 14. Bxe4 dxe4 15. Nd2 Bf5 16. Ne2 Nf8 17. Qc5 Qd7 18. Rfc1 Bg6 19. Nf4 Ne6 20. Nxe6 Qxe6 21. a4 Red8 22. b5 cxb5 23. Qxb5 b6 24. Nb3 f5 25. a5 Be8 26. Qb4 bxa5 27. Qxa5 Qg6 28. Nd2 f4 29. Qe5 fxe3 30. fxe3 Bf7 31. Rc5 Re8 32. Qc7 Be6 33. Qa5 Rf8 34. Qb5 Qf7 35. Rf1 Qe7 36. Re5 Rxf1+ 37. Nxf1 Qf7 38. Qc6 Re8 39. Qxe4 Rf8 40. Qf3 Qc7 41. Qd1 Qf7 42. Qe1 Bc4 43. Nd2 Bd3 44. h3 Qa2 45. Nf3 a6 46. e4 Be2 47. Nd2 Bb5 48. Rc5 Qb2 49. Qe3 Rd8 50. d5 Qa1+ 51. Kh2 Qe5+ 52. Qg3 Qd4 53. Qc3 Qf2 54. Rc7 Qf8 55. Nf3 a5 56. Rc5 Rb8 57. e5 a4 58. d6 Bd7 59. Qc4+ Kh8 60. Rc7 Bb5 61. Qe4 a3 62. Ra7 Bc6 63. Qe3 Ra8 64. Qxa3 Rxa7 65. Qxa7 Bxf3 66. Qd4 Bc6 67. e6 Qf1 68. Qd2 Bxg2 69. d7 Qh1+ 70. Kg3 Qxh3+ 71. Kf2 Qf3+ 72. Kg1 Qf1+ 73. Kh2 Qh1+ 74. Kg3 Qh3+ 1/2-1/2

[Event "World Junior U20 Girls 2018"]
[Site "Gebze"]
[Date "2018.09.05"]
[Round "1"]
[White "Sankova, Stella"]
[Black "Gur, Tuba"]
[Result "1-0"]
[ECO "B23"]
[WhiteElo "2081"]
[BlackElo "1724"]
[Annotator "NA"]
[PlyCount "62"]
[EventDate "2018.09.05"]
[EventType "swiss"]
[EventCountry "TUR"]
[SourceTitle "playchess.com"]
[Source "ChessBase"]
[SourceQuality "1"]
[TimeControl "40/5400+30:1800+30"]

1. e4 c5 2. Nc3 e6 3. f4 b6 4. Nf3 Bb7 5. g3 Nf6 6. d3 d6 7. Bg2 Nbd7 8. O-O Qc7 9. a4 a6 10. Bd2 Be7 11. Qe1 O-O 12. h3 Rfe8 13. g4 Nf8 14. Qg3 d5 15. e5 N6d7 16. Rae1 f6 17. h4 fxe5 18. fxe5 d4 19. Ne4 Bd5 20. h5 b5 21. axb5 axb5 22. Nfg5 h6 23. Nf7 Nh7 24. g5 hxg5 25. Bxg5 Nxg5 26. Nexg5 Nf6 27. Bxd5 exd5 28. Ne6 Nxh5 29. Qg6 Qd7 30. Qxh5 Bf6 31. Rxf6 Rxe6 1-0

[Event "World Junior U20 Girls 2018"]
[Site "Gebze"]
[Date "2018.09.05"]
[Round "1"]
[White "Bai, Xue"]
[Black "Rousseau, Christilla"]
[Result "1-0"]
[ECO "C14"]
[WhiteElo "2073"]
[BlackElo "1677"]
[Annotator "NA"]
[PlyCount "51"]
[EventDate "2018.09.05"]
[EventType "swiss"]
[EventCountry "TUR"]
[SourceTitle "playchess.com"]
[Source "ChessBase"]
[SourceQuality "1"]
[TimeControl "40/5400+30:1800+30"]

1. e4 e6 2. d4 d5 3. Nc3 Nf6 4. Bg5 Be7 5. e5 Nfd7 6. Bxe7 Qxe7 7. f4 a6 8. Qg4 f5 9. exf6 Nxf6 10. Qg5 Nc6 11. Nf3 Bd7 12. Bd3 O-O-O 13. O-O-O h6 14. Qg6 Be8 15. Qg3 Bh5 16. Bg6 Bxg6 17. Qxg6 Kb8 18. Rhe1 Rdf8 19. f5 Ne4 20. Nxe4 dxe4 21. Rxe4 Rf6 22. Qg3 Rxf5 23. Rde1 Qd7 24. Rxe6 Nxd4 25. Re7 Qa4 26. Qxc7+ 1-0

[Event "World Junior U20 Girls 2018"]
[Site "Gebze"]
[Date "2018.09.05"]
[Round "1"]
[White "Li, Yunshan"]
[Black "Anandpara Jayendra Saloni"]
[Result "1-0"]
[ECO "D33"]
[WhiteElo "2060"]
[BlackElo "1326"]
[Annotator "NA"]
[PlyCount "86"]
[EventDate "2018.09.05"]
[EventType "swiss"]
[EventCountry "TUR"]
[SourceTitle "playchess.com"]
[Source "ChessBase"]
[SourceQuality "1"]
[TimeControl "40/5400+30:1800+30"]

1. d4 d5 2. c4 e6 3. Nf3 Nf6 4. g3 c5 5. cxd5 exd5 6. Nc3 h6 7. Bg2 Nc6 8. O-O Be6 9. b3 Be7 10. Bb2 cxd4 11. Nxd4 Qd7 12. Rc1 Rc8 13. Nxc6 bxc6 14. Na4 Qd8 15. Bd4 Qa5 16. Bc5 Bxc5 17. Rxc5 Qb4 18. Qd3 O-O 19. Rfc1 Qb7 20. Qc2 Bd7 21. Rc3 Qa8 22. Nc5 Rfe8 23. Nxd7 Nxd7 24. Bxd5 Nb8 25. Bf3 Qb7 26. e3 Red8 27. Bxc6 Nxc6 28. Rxc6 Rxc6 29. Qxc6 Qxc6 30. Rxc6 Rd2 31. Rc8+ Kh7 32. Rc7 Rxa2 33. Rxf7 a5 34. Ra7 Kg6 35. b4 a4 36. b5 a3 37. b6 Rb2 38. Rxa3 Rxb6 39. Kg2 Rf6 40. g4 Re6 41. f4 Re7 42. Kf3 h5 43. Ra6+ Kh7 1-0